 Dungeon Crawl Stone Soup version 0.30-a0-782-ge64f9170bb (webtiles) character file.

Game seed: 17002682557542436305

167 Goldberg the Cudgeller (level 5, -3/39 HPs)
             Began as a Human Gladiator on Feb 22, 2023.
             Slain by a gnoll
             ... wielding a +0 whip
              (5 damage)
             ... on level 3 of the Dungeon.
             The game lasted 00:09:28 (2150 turns).

Goldberg the Cudgeller (Human Gladiator)            Turns: 2150, Time: 00:09:29

Health: -3/39      AC:  9    Str: 16    XL:     5   Next: 76%
Magic:  5/5        EV: 13    Int:  8    God:
Gold:   118        SH:  0    Dex: 15    Spells: 3/4 levels left

rFire   . . .      SeeInvis .    i - +0 whip
rCold   . . .      Faith    .    (no shield)
rNeg    . . .      Spirit   .    b - +0 leather armour
rPois   +          Reflect  .    g - +2 helmet
rElec   .          Harm     .    k - +2 cloak {Stlth+}
rCorr   .          Rampage  .    (no gloves)
Will    .....                    (no boots)
Stlth   +++                      (no amulet)
HPRegen 0.26/turn                n - ring of poison resistance
MPRegen 0.09/turn                (no ring)

@: no status effects
A: no striking features
a: no special abilities


You were on level 3 of the Dungeon.
You visited 1 branch of the dungeon, and saw 3 of its levels.

You collected 118 gold pieces.

Inventory:

Hand Weapons
 a - a +0 flail
 i - a +0 whip (weapon)
Missiles
 d - 3 throwing nets (quivered)
 f - 5 curare-tipped darts
Armour
 b - a +0 leather armour (worn)
 c - a +0 helmet
 g - a +2 helmet (worn)
 k - a +2 cloak of stealth (worn)
Jewellery
 n - a ring of poison resistance (left hand)
Scrolls
 o - a scroll of teleportation {unknown}
 p - 2 scrolls of identify {unknown}
 s - a scroll of enchant weapon {unknown}
 t - a scroll of enchant armour
Potions
 h - a potion of heal wounds {unknown}
 j - 2 potions of curing {unknown}
 l - a potion of resistance {unknown}
 m - a potion of flight {unknown}
 q - a potion of cancellation {unknown}
 r - a potion of lignification {unknown}
 u - a potion of brilliance {unknown}


   Skills:
 + Level 2.4 Fighting
 + Level 4.2 Maces & Flails
 + Level 2.8 Throwing
 + Level 1.3 Armour
 + Level 3.8 Dodging
 + Level 1.2 Stealth


You had 3 spell levels left.
You knew the following spells:

 Your Spells              Type           Power      Damage    Failure   Level
a - Necrotise             Necr           0%         1d4       47%         1

Your spell library contained the following spells:

 Spells                   Type           Power      Damage    Failure   Level
 Apportation              Tloc           0%         N/A       47%         1
 Summon Small Mammal      Summ           0%         N/A       47%         1


Dungeon Overview and Level Annotations

Branches:
Dungeon (3/15)

Altars:


Message History

The gnoll is almost dead.
The gnoll barely misses you. The gnoll hits you with a +0 whip.
You hit the gnoll.
You kill the gnoll!
The gnoll hits you with a +0 whip.
You hit the gnoll.
The gnoll is heavily wounded.
The gnoll completely misses you. x2
You hit the gnoll but do no damage.
The gnoll is heavily wounded.
The gnoll hits you from afar with a +0 spear!
The gnoll hits you but does no damage. The gnoll closely misses you.
You hit the gnoll but do no damage.
The gnoll is heavily wounded.
The gnoll hits you from afar with a +0 spear.
* * * LOW HITPOINT WARNING * * *
The gnoll hits you but does no damage. x2
You hit the gnoll.
The gnoll is severely wounded.
The gnoll barely misses you. The gnoll hits you with a +0 whip.
* * * LOW HITPOINT WARNING * * *
The gnoll hits you but does no damage.
You hit the gnoll.
You kill the gnoll!
The gnoll hits you from afar with a +0 spear.
* * * LOW HITPOINT WARNING * * *
The gnoll closely misses you. The gnoll hits you with a +0 spear.
* * * LOW HITPOINT WARNING * * *
Things that are here:
a +0 whip; a +0 whip You barely miss the gnoll.
The gnoll is heavily wounded.
The gnoll completely misses you. The gnoll closely misses you.
You hit the gnoll but do no damage.
The gnoll is heavily wounded.
You closely miss the gnoll.
The gnoll is heavily wounded.
The gnoll barely misses you. The gnoll hits you with a +0 whip.
You die...

### #.. #(# #.# ####
#.# #####...# #.#
........# #g#
.~~~~~..## #@#
.~~≈≈~..>####g###
≈.~≈≈≈~...#......#
≈≈~.~~~~~...#......#
≈~~.........'......#
.....~~≈~...#......#
≈≈~~.~≈≈≈..........#
≈≈≈~.~≈≈~..........#
≈≈≈≈.~≈≈≈....###+###


You could see 2 gnolls.

Vanquished Creatures
  5 adders (D:2)
  3 gnolls
  4 worms (D:2)
  A dart slug (D:2)
  8 bats
  10 endoplasms
  5 giant cockroaches
  5 goblins
  5 hobgoblins
  7 jackals
  6 kobolds
  3 quokkas
  5 ball pythons
  4 frilled lizards
  3 rats
74 creatures vanquished.

Notes
Turn   | Place    | Note
-------+----------+-------------------------------------------
     0 | D:1      | Goldberg the Human Gladiator began the quest for the Orb.
     0 | D:1      | Reached XP level 1. HP: 16/16 MP: 1/1
   186 | D:1      | Reached XP level 2. HP: 13/22 MP: 2/2
   341 | D:1      | Reached XP level 3. HP: 20/27 MP: 3/3
   501 | D:1      | Learned a level 1 spell: Necrotise
   966 | D:2      | Reached XP level 4. HP: 29/33 MP: 4/4
  1210 | D:2      | Reached skill level 4 in Maces & Flails
  1245 | D:2      | Reached skill level 1 in Armour
  1245 | D:2      | Reached XP level 5. HP: 26/39 MP: 5/5
  1552 | D:2      | Reached skill level 1 in Stealth
  2147 | D:3      | HP: 1/39 [gnoll/+0 spear (5)]
  2150 | D:3      | Slain by a gnoll

Illustrated notes

Levels and vault maps discovered:
D:1:      nzn_arrival_water_spiral, layout_basic, serial_glass, glass_columns_c,
          glass_columns_a, minmay_misc_feat_four_crosses
D:2:      minmay_alternating_diamond, layout_loops_ring, minmay_heptomino_d4
D:3:      layout_basic, mainiacjoe_overflow_cross_hatched, minmay_misc_feat_x,
          minivault_14, uniq_ijyb

Skill      XL: |  1  2  3  4  5 |
---------------+----------------+-----
Maces & Flails | 4 |  4.2
Armour         | 1 |  1.3
Stealth        | 1 |  1.2
Fighting       | |  2.4
Throwing       | |  2.8
Dodging        | |  3.8

Action                     |  1- 3 |  4- 6 || total
---------------------------+-------+-------++-------
  Melee: Flail             |    72 |       ||    72
         Whip              |    14 |   176 ||   190
         Punch             |       |     5 ||     5
  Throw: Boomerang         |     3 |    45 ||    48
         Dart              |     2 |       ||     2
         Javelin           |       |     2 ||     2
         Throwing net      |       |     1 ||     1
    Use: Scroll            |     2 |     3 ||     5
   Stab: Distracted        |       |     1 ||     1
 Armour: Leather armour    |    27 |    79 ||   106
  Dodge: Dodged            |    57 |   139 ||   196

Table legend: (Time is in decaauts)
 A = Elapsed time spent in this place.
 B = Non-inter-level travel time spent in this place.
 C = Inter-level travel time spent in this place.
 D = Time resting spent in this place.
 E = Time spent auto-exploring this place.
 F = Levels seen in this place.
 G = Mean time per level.
                   A        B        C        D        E       F      G
               +--------+--------+--------+--------+--------+-----+--------+
         Total |   2157 |   2157 |      0 |    280 |   1078 |   3 |  719.0 |
       Dungeon |   2157 |   2157 |      0 |    280 |   1078 |   3 |  719.0 |
               +--------+--------+--------+--------+--------+-----+--------+

Top non-repeatable levels by time:
     D:2: 1279 daAuts
     D:1: 785 daAuts
     D:3: 92 daAuts
